 Dungeon Crawl Stone Soup version 0.17.1-3-g152610e (webtiles) character file.

102 Zhenya25pyc the Covered (level 4, -9/29 HPs)
             Began as a Gargoyle Fighter on Apr 27, 2016.
             Was an Initiate of Okawaru.
             Killed by divine providence
             ... invoked by an orc priest
              (14 damage)
             ... on level 3 of the Dungeon.
             The game lasted 00:03:36 (2181 turns).

Zhenya25pyc the Covered (Gargoyle Fighter)          Turns: 2181, Time: 00:03:37

Health: -9/29      AC: 10    Str: 20    XL:     4   Next: 78%
Magic:  4/4        EV:  7    Int:  9    God:    Okawaru [......]
Gold:   94         SH:  9    Dex:  9    Spells: 0 memorised, 3 levels left

rFire  . . .     SeeInvis .     a - +0 flail
rCold  . . .     Clarity  .     b - +0 scale mail
rNeg   + . .     SustAt   .     c - +0 shield
rPois  ∞         Gourm    .     (no helmet)
rElec  +         Spirit   .     (no cloak)
rCorr  .         Warding  .     (no gloves)
rMut   .         Stasis   .     (no boots)
MR     .....                    (no amulet)
Stlth  ..........               j - +4 ring of slaying
                                i - ring of flight

@: not resistant to hostile enchantments, extremely unstealthy
A: negative energy resistance 1, electricity resistance, unbreathing,
petrification resistance, rot immunity, AC +3
a: Renounce Religion, Evoke Flight


You were on level 3 of the Dungeon.
You worshipped Okawaru.
Okawaru was noncommittal.
You were not hungry.

You visited 1 branch of the dungeon, and saw 3 of its levels.

You collected 94 gold pieces.

Inventory:

Hand Weapons
 a - a +0 flail (weapon)
 l - a +0 vampiric halberd
Armour
 b - a +0 scale mail (worn)
 c - a +0 shield (worn)
Jewellery
 i - a ring of flight (left hand)
 j - a +4 ring of slaying (right hand)
Scrolls
 f - a scroll of fog {unknown}
 g - 3 scrolls of magic mapping {unknown}
 h - a scroll of enchant weapon {unknown}
 k - a scroll of identify {unknown}
 n - a scroll of remove curse {unknown}
 o - a scroll of random uselessness {unknown}
 s - a scroll of enchant armour {unknown}
Potions
 d - a potion of might
 r - a potion of agility {unknown}
Comestibles
 e - 4 bread rations
 m - a meat ration
 p - 3 chunks of flesh
 q - a slice of pizza


   Skills:
 + Level 3.9 Fighting
 * Level 3.4 Maces & Flails
 + Level 4.1 Armour
 + Level 3.7 Shields


You had 3 spell levels left.
You didn't know any spells.

Dungeon Overview and Level Annotations

Branches:
Dungeon (3/15)

Altars:
Okawaru


Innate Abilities, Weirdness & Mutations

You are resistant to torment.
Your stone body is resilient (AC +3).
You are immune to poison.
You resist negative energy.
You are resistant to electric shocks.
You can survive without breathing.
You are immune to petrification.
You are immune to rotting.


Message History

* * * LOW HITPOINT WARNING * * *
You are too injured to fight recklessly!
You are too injured to fight recklessly!
You are too injured to fight recklessly!
You are too injured to fight recklessly!
You are too injured to fight recklessly!
You are too injured to fight recklessly!
You hit the orc priest but do no damage.
The orc priest is severely wounded.
You hit the orc.
The orc is heavily wounded.
The orc hits you.
* * * LOW HITPOINT WARNING * * *
You sock the orc!
You kill the orc!
Okawaru accepts your kill.
The orc priest looks braver for a moment.
The orc priest mumbles some strange prayers to Beogh against you.
Something smites you!
You die...

####### ####.....#
.†.#.....########
................#
...#.)....#####.#
##...)....## ##.##
#..##.#...###.#.#######
#..##........###......#
#...###...###.#@#####.#
##++# ##....##[##
#.#..##o## #.#....o.#
#.#.###..# #. .. #..#
#.#..# #....# #...#.#


You could see 2 orc priests.

Vanquished Creatures
  4 gnolls (D:2)
  2 adders
  An orc (D:3)
  4 giant cockroaches
  6 hobgoblins
  4 jackals (D:1)
  4 kobolds
  A quokka (D:2)
  5 bats
  A giant gecko (D:1)
  3 giant newts
  8 goblins
  6 rats
49 creatures vanquished.

Notes
Turn   | Place    | Note
--------------------------------------------------------------
     0 | D:1      | Zhenya25pyc the Gargoyle Fighter began the quest for the Orb.
     0 | D:1      | Reached XP level 1. HP: 14/14 MP: 1/1
   295 | D:1      | Reached XP level 2. HP: 16/19 MP: 2/2
   758 | D:2      | Found an iron altar of Okawaru.
   784 | D:2      | Reached XP level 3. HP: 23/23 MP: 3/3
   887 | D:2      | Reached skill level 4 in Armour
   896 | D:2      | Reached XP level 4. HP: 2/29 MP: 4/4
  2012 | D:2      | Became a worshipper of Warmaster Okawaru
  2181 | D:3      | Killed from afar by an orc priest

Action                   |  1- 3 |  4- 6 || total
-------------------------+-------+-------++-------
Melee: Flail             |    78 |    54 ||   132
 Abil: Stop Flying       |       |     1 ||     1
       Evoke Flight      |       |     1 ||     1
  Eat: Chunk             |       |     4 ||     4
